 Dungeon Crawl Stone Soup version 0.28-a0-984-g3775c662fe (webtiles) character file.

Game seed: 5787826802398530340

16 lorenzova the Conjurer (level 2, 0/15 HPs)
             Began as a Deep Elf Conjurer on Dec 3, 2021.
             Slain by an adder (3 damage)
             ... on level 1 of the Dungeon.
             The game lasted 00:01:34 (990 turns).

lorenzova the Conjurer (Deep Elf Conjurer)           Turns: 990, Time: 00:01:34

Health: 0/15       AC:  2    Str:  4    XL:     2   Next: 41%
Magic:  2/8        EV: 12    Int: 22    God:
Gold:   17         SH:  0    Dex: 13    Spells: 5/8 levels left

rFire   . . .      SeeInvis .   (no weapon)
rCold   . . .      Faith    .   (no shield)
rNeg    . . .      Spirit   .   a - +0 robe
rPois   .          Reflect  .   (no helmet)
rElec   .          Harm     .   (no cloak)
rCorr   .          Rampage  .   (no gloves)
Will    .....                   (no boots)
Stlth   ++........              (no amulet)
HPRegen 0.05/turn               (no ring)
MPRegen 0.11/turn               (no ring)

@: lethally poisoned (0 -> -3)
A: no striking features
a: no special abilities


You were on level 1 of the Dungeon.
You visited 1 branch of the dungeon, and saw 2 of its levels.

You collected 17 gold pieces.

Inventory:

Armour
 a - a +0 robe (worn)
Scrolls
 c - a scroll of blinking {unknown}
Potions
 b - a potion of berserk rage {unknown}
 d - a potion of magic {unknown}
 e - a potion of mutation {unknown}


   Skills:
 - Level 2.4 Dodging
 - Level 2.4 Stealth
 + Level 3.7 Spellcasting
 + Level 4.8 Conjurations


You had 5 spell levels left.
You knew the following spells:

 Your Spells              Type           Power      Damage    Failure   Level
a - Magic Dart            Conj           100%       1d8       1%          1
b - Searing Ray           Conj           50%        2d6       2%          2

Your spell library contained the following spells:

 Spells                   Type           Power      Damage    Failure   Level
 Dazzling Flash           Conj/Hex       28%        N/A       13%         3
 Fulminant Prism          Conj/Hex       7%         3d7       38%         4
 Iskenderun's Mystic Bla  Conj/Tloc      14%        2d5       38%         4


Dungeon Overview and Level Annotations

Branches:
Dungeon (2/15)

Altars:


Message History

You enter the shallow water.
Moving in this stuff is going to be slow.
There is a stone staircase leading down here.
You climb downwards.
Found 28 stones and 11 gold pieces.
There is a stone staircase leading up here.
There are monsters nearby!
The adder bites you.
You climb upwards.
There is a stone staircase leading down here.
Casting: Magic Dart (safe; 1% risk of failure)
Confirm with . or Enter, or press ? or * to list all spells.
Aiming: Magic Dart (safe; 1% risk of failure)
Press: ? - help, Shift-Dir - straight line, f - adder
Aim: an adder (100% to hit)
The magic dart hits the adder.
The adder is moderately wounded.
The adder bites you.
You are poisoned.
The adder poisons you!
Casting: Magic Dart (safe; 1% risk of failure)
Confirm with . or Enter, or press ? or * to list all spells.
Aiming: Searing Ray (safe; 2% risk of failure)
Press: ? - help, Shift-Dir - straight line, f/p - adder
Aim: an adder (moderately wounded, 66% to hit)
The searing ray misses the adder. (Press . to maintain the ray.)
You feel sick. The adder completely misses you.
Unknown command.
The searing ray misses the adder.
You feel sick. The adder completely misses you. The adder bites you.
The searing ray hits the adder.
The adder is heavily wounded.
* * * LOW HITPOINT WARNING * * *
You feel sick. The adder completely misses you.
The searing ray misses the adder.
You finish channelling your searing ray.
* * * LOW HITPOINT WARNING * * *
You feel sick. The adder bites you.
You die...

#....##.####.###..##.
#.#.##### #.##....''
######### #.#.#
#)#....##. ........#
#.#.# #.....##..
#######.# #.#.#
#....##).. #.#
#.#.##### ##..##.8.#
#.# ##.#.....#
#.####'## #.#
##..#.....# #..).....
#.#
#.#...@...#####.#######
#.###......S...>....#
#..##...#.....####### #
###.##.......###
######...##..##...#
#......#.##......##
.................#
##.###.###.##.##.#
#.##...##.##.##.#


You could see an adder.

Vanquished Creatures
  A ball python (D:1)
  3 endoplasms (D:1)
  A giant cockroach (D:1)
  A goblin (D:1)
  A hobgoblin (D:1)
  2 bats (D:1)
  3 kobolds (D:1)
  4 rats (D:1)
16 creatures vanquished.

Notes
Turn   | Place    | Note
-------+----------+-------------------------------------------
     0 | D:1      | lorenzova the Deep Elf Conjurer began the quest for the
                  | Orb.
     0 | D:1      | Reached XP level 1. HP: 10/10 MP: 6/6
   303 | D:1      | Reached XP level 2. HP: 15/15 MP: 2/8
   357 | D:1      | Learned a level 2 spell: Searing Ray
   763 | D:1      | Found a faded altar of an unknown god.
   990 | D:1      | Slain by an adder

Illustrated notes

Levels and vault maps discovered:
D:1:      amcnicky_arrival_underground_garden, layout_loops_ring,
          ebering_ecumenical_altar_hall, roderic_roman_lattice,
          minmay_misc_feat_cross, minmay_misc_feat_enclosed,
          chequers_serial_rivers_micro_a, grunt_decor_arrowhead
D:2:      layout_basic, hex_tiny, grunt_ministairs_12, minmay_misc_feat_five,
          kennysheep_path_1, st_stairs_3, kennysheep_donut,
          hangedman_glass_teeth

Action                   || total
-------------------------++-------
 Cast: Magic Dart        ||    28
       Searing Ray       ||     1
Armor: Robe              ||     1
Dodge: Dodged            ||     5

Table legend: (Time is in decaauts)
 A = Elapsed time spent in this place.
 B = Non-inter-level travel time spent in this place.
 C = Inter-level travel time spent in this place.
 D = Time resting spent in this place.
 E = Time spent auto-exploring this place.
 F = Levels seen in this place.
 G = Mean time per level.
                   A        B        C        D        E       F      G
               +--------+--------+--------+--------+--------+-----+--------+
         Total |    991 |    945 |     46 |    211 |    661 |   2 |  495.5 |
       Dungeon |    991 |    945 |     46 |    211 |    661 |   2 |  495.5 |
               +--------+--------+--------+--------+--------+-----+--------+

Top non-repeatable levels by time:
     D:1: 989 daAuts
     D:2: 1 daAuts
